 Dungeon Crawl Stone Soup version 0.20-a0-854-g0cc194a (webtiles) character file.

144296 nikopol the Impaler (level 16, -15/217 HPs)
             Began as a Minotaur Berserker on Mar 11, 2017.
             Was the Champion of Trog.
             Demolished by a two-headed ogre
             ... wielding a +0 giant club
              (26 damage)
             ... on level 15 of the Dungeon.
             The game lasted 01:25:40 (28377 turns).

nikopol the Impaler (Minotaur Berserker)           Turns: 28377, Time: 01:25:40

Health: -15/217    AC: 20    Str: 29    XL:     16   Next: 84%
Magic:  0/15       EV: 17    Int:  2    God:    Trog [******]
Gold:   2245       SH:  0    Dex: 15    Spells: 15/15 levels left

rFire    + . .     SeeInvis +   a - +3 glaive (flame)
rCold    + . .     Gourm    .   Q - +1 chain mail {MR+}
rNeg     . . .     Faith    .   (shield currently unavailable)
rPois    +         Spirit   +   B - +2 hat {SInv}
rElec    .         Reflect  .   F - +0 cloak
rCorr    +         Harm     .   p - +0 pair of gloves
MR       ++...                  u - +0 pair of boots
Stlth    ..........             P - amulet "Gydeajiett" {Spirit rF+ rC+ Int-2}
Regen    0.5/turn               G - ring of resist corrosion
MPRegen  0.2/turn               V - ring of poison resistance

@: berserking, very quick
A: retaliatory headbutt, horns 2
a: Berserk, Trog's Hand, Brothers in Arms, Burn Spellbooks, Renounce Religion


You were on level 15 of the Dungeon.
You worshipped Trog.
Trog was exalted by your worship.
You were near starving.

You visited 3 branches of the dungeon, and saw 23 of its levels.
You also visited: Ice Cave.

You collected 2509 gold pieces.
You spent 264 gold pieces at shops.

Inventory:

Hand Weapons
 a - a +3 glaive of flaming (weapon)
 t - a +3 antimagic glaive
 z - the +11 shortbow of the Hand {freeze, rN+ Str+3}
   (You bought it in a shop on level 2 of the Orcish Mines)

   It causes projectiles fired from it to freeze those they strike, causing
   extra injury to most foes and up to half again as much damage against
   particularly susceptible opponents.
   They can also slow down cold-blooded creatures.
   It affects your strength (+3).
   It protects you from negative energy.
 R - a +4 longbow of freezing
Missiles
 j - 469 arrows (quivered)
Armour
 p - a +0 pair of gloves (worn)
 u - a +0 pair of boots (worn)
 B - a +2 hat of see invisible (worn)
 F - a +0 cloak (worn)
 Q - a +1 chain mail of magic resistance (worn)
Jewellery
 e - a +6 ring of dexterity
 G - a ring of resist corrosion (right hand)
 H - a +3 ring of protection
 P - the amulet "Gydeajiett" (around neck) {Spirit rF+ rC+ Int-2}
   (You found it on level 6 of the Lair of Beasts)

   [amulet of guardian spirit]

   It causes incoming damage to be split between your health and magic.
   It affects your intelligence (-2).
   It protects you from fire.
   It protects you from cold.
 V - a ring of poison resistance (left hand)
Wands
 n - a wand of confusion (18/48)
 o - a wand of enslavement (12/24)
 s - a wand of flame (32/48)
 w - a wand of confusion (13/48)
 x - a wand of digging (5/24)
 y - a wand of disintegration (10/24)
 D - a wand of acid (10/15)
Scrolls
 b - 3 scrolls of fog
 d - 4 scrolls of identify
 i - 2 scrolls of enchant armour
 k - a scroll of summoning {unknown}
 m - 9 scrolls of teleportation
 q - 4 scrolls of fear
 A - 2 scrolls of magic mapping
 C - 4 scrolls of remove curse
 O - a scroll of holy word {unknown}
 U - 2 scrolls of blinking
 W - 2 scrolls of recharging {unknown}
 Y - 3 scrolls of enchant weapon
Potions
 f - a potion of cancellation
 g - 2 potions of agility
 l - 10 potions of heal wounds
 v - 3 potions of might
 E - 4 potions of magic
 I - a potion of berserk rage
 K - 6 potions of flight
 M - 7 potions of curing
 N - 2 potions of haste
Miscellaneous
 T - a lightning rod (4/4)
Comestibles
 c - 16 bread rations
 r - 20 royal jellies
 L - 14 meat rations
 X - 16 fruits


   Skills:
 + Level 13.9 Fighting
 * Level 19.1 Polearms
 * Level 15.3 Bows
 + Level 13.7 Armour
 + Level 12.4 Dodging


You had 15 spell levels left.
You didn't know any spells.

Dungeon Overview and Level Annotations

Branches:
Dungeon (15/15)            Temple (0/1) D:5            Lair (6/6) D:10
  Swamp (0/4) Lair:3        Snake (0/4) Lair:4        Slime (0/5) Lair:5
    Orc (2/2) D:10            Elf (0/3) Orc:2        Vaults (0/5) D:14
 Depths: D:15

Altars:
Cheibriados
Dithmenos
Gozag
Kikubaaqudgha
Nemelex Xobeh
Qazlal
Ru
Sif Muna
Trog
Vehumet
Xom
Yredelemnul
The Shining One
Beogh

Shops:
D:15 (   Orc:2 [(=(

Portals:
Trove: D:11 (give 23 scrolls of identify)


Innate Abilities, Weirdness & Mutations

You reflexively headbutt those who attack you in melee.
You have a pair of horns on your head.


Message History

The two-headed ogre hits you with a dire flail!
* * * LOW HITPOINT WARNING * * *
The two-headed ogre misses you.
You closely miss the moth of wrath. You headbutt the moth of wrath!!
The moth of wrath is severely wounded.
The moth of wrath completely misses you.
The two-headed ogre hits you with a giant club.
* * * LOW HITPOINT WARNING * * *
The two-headed ogre hits you but does no damage.
The two-headed ogre barely misses you.
The two-headed ogre hits you with a giant club!!
* * * LOW HITPOINT WARNING * * *
You closely miss the moth of wrath. You headbutt the moth of wrath.
The moth of wrath is severely wounded.
You slash the moth of wrath! You burn the moth of wrath.
You kill the moth of wrath!
Trog accepts your kill. The two-headed ogre misses you.
The two-headed ogre hits you with a giant club!!
You die...

..........(...(
.......∩.(...(.
.......)((..)..
......(......(...
..(....(....(..((
..(....(.....(..
....).O)O......
#...(.)@#
#.....))#
#.......#
#.<.....#
#.......#
#.......#
#.......#
#.......#
#.......#


You could see 2 two-headed ogres.

Vanquished Creatures
  Kirke (Lair:6)
  A frost giant (IceCv)
  The ghost of Alarkh the Carver, a journeyman DsFi of Okawaru (Lair:6)
  The ghost of nikopol the Eclecticist, a journeyman DEFE of Vehumet (Lair:6)
  A dire elephant (Lair:6)
  Snorg (D:11)
  Fannar (Orc:1)
  Josephine (Lair:6)
  Harold (Lair:4)
  7 hydras
  A death knight (D:11)
  3 vault guards (D:14)
  4 centaur warriors
  9 two-headed ogres
  An ogre mage (D:14)
  A catoblepas (Lair:6)
  3 tengu warriors (D:14)
  5 orc high priests
  Nergalle (D:10)
  An unseen horror (D:13)
  2 wizards (D:14)
  2 phantasmal warriors (D:11)
  6 orc knights
  Pikel (D:7)
  A necromancer (D:12)
  A lindwurm (Lair:6)
  The ghost of nht the Cleaver, a novice HOGl of Okawaru (D:6)
  A deep elf mage (D:8)
  11 ugly things
  6 orc sorcerers
  3 cyclopes
  6 black mambas
  5 manticores
  7 elephants (Lair:6)
  A moth of wrath (shapeshifter) (D:15)
  Joseph (D:9)
  21 spiny frogs
  An ice statue (IceCv)
  2 gargoyles
  5 rime drakes
  6 kobold demonologists
  8 komodo dragons
  5 trolls
  A queen bee (D:9)
  13 blink frogs
  12 polar bears (IceCv)
  2 hornets
  3 slime creatures (D:12)
  13 hippogriffs
  A shadow (D:12)
  A vampire (D:13)
  4 wyverns
  7 wraiths
  60 yaks
  19 humans (D:14)
  Eustachio (D:5)
  4 basilisks
  3 hogs (Lair:6)
  8 vampire mosquitoes
  Menkaure (D:6)
  2 wargs (Orc:1)
  5 nagas (Lair:4)
  An acid dragon (D:15)
  20 water moccasins
  11 porcupines
  3 ice beasts
  9 sky beasts
  2 black bears
  31 orc warriors
  3 slaves (D:7)
  2 eyes of draining
  A phantom (D:4)
  19 ogres
  15 centaurs
  2 necrophages
  32 wolves
  12 crocodiles
  Blork the orc (D:5)
  16 big kobolds
  25 bullfrogs
  2 gnoll sergeants (D:10)
  2 wyvern skeletons
  A water moccasin skeleton (D:10)
  3 scorpions
  27 killer bees
  4 wights (D:11)
  6 howler monkeys
  4 crimson imps
  3 centaur zombies
  2 bullfrog zombies
  7 hounds
  11 jellies
  23 orc priests
  2 iguanas
  21 orc wizards
  3 bullfrog skeletons
  2 centaur skeletons (D:4)
  Ijyb (D:3)
  9 worker ants
  5 polar bear simulacra (D:12)
  3 yak simulacra (D:12)
  A killer bee zombie (D:6)
  2 wolf simulacra (D:12)
  A hound skeleton (D:4)
  2 worker ant zombies
  8 gnolls
  14 adders
  2 shadow imps
  12 white imps (Lair:1)
  An ooze (D:4)
  2 adder skeletons
  3 worms (D:2)
  A dart slug (D:1)
  5 leopard geckos
  104 orcs
  11 ball pythons
  6 bats
  3 giant cockroaches
  17 goblins
  7 hobgoblins
  17 kobolds
  6 quokkas
  5 frilled lizards
  A jackal skeleton (D:7)
  A quokka skeleton (D:7)
  A quokka zombie (D:6)
  4 rats
  A river rat simulacrum (D:12)
  A fungus (Lair:4)
  A plant (D:10)
894 creatures vanquished.

Vanquished Creatures (collateral kills)
  A dire elephant (Lair:6)
  A lindwurm (Lair:6)
  A polar bear (IceCv)
3 creatures vanquished.

Vanquished Creatures (others)
  A human (Lair:6)
  An adder (D:7)
  An orc (Orc:2)
  A bush (Lair:4)
  23 fungi
  9 plants (Lair:6)
36 creatures vanquished.

Grand Total: 933 creatures vanquished

Notes
Turn   | Place    | Note
-------+----------+-------------------------------------------
     0 | D:1      | nikopol the Minotaur Berserker began the quest for the Orb.
     0 | D:1      | Reached XP level 1. HP: 19/19 MP: 0/0
   337 | D:1      | Reached XP level 2. HP: 27/27 MP: 1/1
  1054 | D:2      | Found a basalt altar of Yredelemnul.
  1279 | D:2      | Found a radiant altar of Vehumet.
  1282 | D:2      | Reached skill level 4 in Polearms
  1287 | D:2      | Reached XP level 3. HP: 29/33 MP: 2/2
  1294 | D:2      | Reached ** piety under Trog
  2264 | D:3      | Reached XP level 4. HP: 39/40 MP: 3/3
  2893 | D:3      | Noticed Ijyb
  2908 | D:3      | Killed Ijyb
  2908 | D:3      | Reached XP level 5. HP: 43/47 MP: 4/4
  3202 | D:3      | Reached *** piety under Trog
  3224 | D:4      | Reached skill level 5 in Polearms
  3228 | D:4      | Found an opulent altar of Gozag.
  3293 | D:4      | Noticed a phantom
  3300 | D:4      | Killed a phantom
  3300 | D:4      | Reached XP level 6. HP: 51/53 MP: 5/5
  3351 | D:4      | Found a basalt altar of Yredelemnul.
  3352 | D:4      | Found a shimmering altar of Xom.
  3352 | D:4      | Found a deep blue altar of Sif Muna.
  3370 | D:4      | Found a sacrificial altar of Ru.
  3371 | D:4      | Found a bloodstained altar of Trog.
  3373 | D:4      | Found a sparkling altar of Nemelex Xobeh.
  3380 | D:4      | Reached skill level 5 in Fighting
  3380 | D:4      | Reached skill level 6 in Polearms
  3412 | D:4      | Reached XP level 7. HP: 36/61 MP: 6/6
  3647 | D:4      | Reached skill level 5 in Armour
  3726 | D:4      | Found a glowing golden altar of the Shining One.
  3727 | D:4      | Found a stormy altar of Qazlal.
  3841 | D:5      | Entered Level 5 of the Dungeon
  3876 | D:5      | Found a staircase to the Ecumenical Temple.
  3920 | D:5      | Reached skill level 7 in Polearms
  4136 | D:5      | Reached skill level 5 in Dodging
  4175 | D:5      | Noticed Blork the orc
  4180 | D:5      | Killed Blork the orc
  4180 | D:5      | Reached XP level 8. HP: 70/70 MP: 7/7
  4285 | D:5      | Noticed Eustachio
  4327 | D:5      | Killed Eustachio
  4327 | D:5      | Reached skill level 8 in Polearms
  4335 | D:5      | Received a gift from Trog
  4522 | D:6      | Noticed Menkaure
  4524 | D:6      | Noticed nht's ghost (novice HOGl)
  4533 | D:6      | Killed Menkaure
  4543 | D:6      | HP: 5/106 [nht's ghost (3)]
  4545 | D:6      | Killed nht's ghost
  4545 | D:6      | Reached skill level 9 in Polearms
  4929 | D:6      | Reached XP level 9. HP: 79/79 MP: 8/8
  5103 | D:6      | Reached **** piety under Trog
  5147 | D:6      | Reached skill level 1 in Bows
  5160 | D:6      | Found a snail-covered altar of Cheibriados.
  5191 | D:6      | Reached skill level 10 in Polearms
  6256 | D:7      | Reached ***** piety under Trog
  6256 | D:7      | Received a gift from Trog
  6370 | D:7      | Noticed Pikel
  6384 | D:7      | Killed Pikel
  6519 | D:7      | Found a shadowy altar of Dithmenos.
  6623 | D:7      | Found an ancient bone altar of Kikubaaqudgha.
  6733 | D:8      | Noticed a centaur warrior
  6748 | D:8      | Noticed a deep elf mage
  6748 | D:8      | Reached XP level 10. HP: 68/88 MP: 9/9
  6755 | D:8      | Killed a centaur warrior
  6755 | D:8      | Reached skill level 11 in Polearms
  6755 | D:8      | Reached skill level 5 in Bows
  6763 | D:8      | Killed a deep elf mage
  7482 | D:8      | Noticed a two-headed ogre
  7486 | D:8      | Noticed a two-headed ogre
  7491 | D:8      | Killed a two-headed ogre
  7498 | D:8      | Killed a two-headed ogre
  7498 | D:8      | Reached skill level 12 in Polearms
  7540 | D:8      | Received a gift from Trog
  7968 | D:9      | Reached XP level 11. HP: 93/97 MP: 10/10
  8007 | D:9      | Received a gift from Trog
  8325 | D:9      | Noticed Joseph
  8335 | D:9      | Killed Joseph
  8499 | D:9      | Received a gift from Trog
  8860 | D:9      | Found a roughly hewn altar of Beogh.
  9146 | D:10     | Entered Level 10 of the Dungeon
  9146 | D:10     | Noticed Nergalle
  9162 | D:10     | Noticed a spectral orc warlord
  9162 | D:10     | Killed Nergalle
  9198 | D:10     | Noticed a two-headed ogre
  9207 | D:10     | Killed a two-headed ogre
 10058 | D:10     | Reached skill level 13 in Polearms
 10339 | D:10     | Found a staircase to the Lair.
 10502 | D:10     | Found a staircase to the Orcish Mines.
 10530 | D:10     | Reached skill level 10 in Armour
 10546 | D:10     | Received a gift from Trog
 10569 | D:10     | Reached skill level 10 in Fighting
 10909 | Lair:1   | Entered Level 1 of the Lair of Beasts
 10923 | Lair:1   | Reached XP level 12. HP: 26/106 MP: 11/11
 10931 | D:10     | HP: 7/159 [poisoned by a spiny frog]
 11428 | Lair:1   | Found a frozen archway.
 11437 | IceCv    | Entered an ice cave
 11629 | IceCv    | Received a gift from Trog
 11848 | IceCv    | Reached skill level 10 in Bows
 12028 | IceCv    | Reached ****** piety under Trog
 12035 | IceCv    | Reached skill level 14 in Polearms
 12343 | IceCv    | Received a gift from Trog
 12508 | IceCv    | Noticed a frost giant
 12527 | IceCv    | Killed a frost giant
 12527 | IceCv    | Reached skill level 10 in Dodging
 13066 | Lair:1   | Noticed a six-headed hydra
 13077 | Lair:1   | Killed a six-headed hydra
 13200 | Lair:1   | Received a gift from Trog
 13200 | Lair:1   | Reached XP level 13. HP: 116/116 MP: 12/12
 14265 | Lair:2   | Reached skill level 15 in Polearms
 14490 | Lair:2   | Received a gift from Trog
 14989 | Lair:3   | Found a staircase to the Swamp.
 15882 | Lair:4   | Identified a scroll of acquirement
 15897 | Lair:4   | Found a staircase to the Snake Pit.
 16359 | Lair:4   | Noticed Harold
 16373 | Lair:4   | Killed Harold
 16758 | Lair:5   | Found a staircase to the Slime Pits.
 17576 | Lair:6   | Entered Level 6 of the Lair of Beasts
 17586 | Lair:6   | Noticed nikopol's ghost (journeyman DEFE)
 17603 | Lair:6   | Killed nikopol's ghost
 17615 | Lair:6   | Noticed Kirke
 17630 | Lair:6   | Killed Kirke
 17630 | Lair:6   | Reached XP level 14. HP: 110/126 MP: 13/13
 17634 | Lair:6   | Received a gift from Trog
 17937 | Lair:6   | Got a vibrating crystal amulet
 18035 | Lair:6   | Noticed Josephine
 18039 | Lair:6   | Killed Josephine
 18192 | Lair:6   | Reached skill level 16 in Polearms
 18998 | Lair:6   | Noticed Alarkh's ghost (journeyman DsFi)
 19030 | Lair:6   | Killed Alarkh's ghost
 19044 | Lair:6   | Paralysed by fainting for 11 turns
 19270 | Lair:6   | Identified the amulet "Gydeajiett" {Spirit rF+ rC+ Int-2} (You found it on level 6 of the Lair of Beasts)
 19311 | Lair:6   | Reached skill level 17 in Polearms
 19311 | Lair:6   | Reached XP level 15. HP: 107/134 MP: 5/14
 20321 | Orc:1    | Entered Level 1 of the Orcish Mines
 20639 | Orc:1    | Received a gift from Trog
 21034 | Orc:1    | Found a bloodstained altar of Trog.
 21102 | Orc:1    | Noticed Fannar
 21137 | Orc:1    | Killed Fannar
 21328 | Orc:2    | Entered Level 2 of the Orcish Mines
 21398 | Orc:2    | Found a shimmering altar of Xom.
 21442 | Orc:2    | Found a staircase to the Elven Halls.
 21638 | Orc:2    | Reached skill level 18 in Polearms
 22357 | Orc:2    | Found Omiel's Antique Weapon Boutique.
 22357 | Orc:2    | Found Hoapraxt's Jewellery Shoppe.
 22364 | Orc:2    | Found Avusmilu's Armour Shoppe.
 22364 | Orc:2    | Found Fuschopa's Antique Weapon Boutique.
 22373 | Orc:2    | Bought a translucent shortbow for 264 gold pieces
 22373 | Orc:2    | Identified the +11 shortbow of the Hand {freeze, rN+ Str+3} (You bought it in a shop on level 2 of the Orcish Mines)
 22473 | Orc:2    | Found a roughly hewn altar of Beogh.
 22479 | Orc:2    | Received a gift from Trog
 22718 | D:11     | Noticed Snorg
 22722 | D:11     | Killed Snorg
 22776 | D:11     | Reached XP level 16. HP: 143/143 MP: 15/15
 22918 | D:11     | Found a portal to a secret trove of treasure.
 23556 | D:11     | Got a dazzling scale mail
 23574 | D:11     | Identified the +5 scale mail "Xowurchy" {Int+4} (You found it on level 11 of the Dungeon)
 24233 | D:12     | Received a gift from Trog
 24736 | D:13     | Found a shimmering altar of Xom.
 26785 | D:14     | Reached skill level 15 in Bows
 26935 | D:14     | Received a gift from Trog
 27000 | D:14     | Reached skill level 19 in Polearms
 27103 | D:14     | Found a gate to the Vaults.
 28292 | D:15     | Entered Level 15 of the Dungeon
 28326 | D:15     | Found Juhanent's Antique Weapon Boutique.
 28375 | D:15     | HP: 10/217 [two-headed ogre/dire flail (27)]
 28377 | D:15     | Demolished by a two-headed ogre

Vault maps used:
D:1:      lightli_arrival_flooded_house, serial_bayou_pond_b,
          minmay_misc_feat_tower
D:2:      vehumet_crystals, lemuel_statue_altar
D:3:      first_bread, serial_bayou_pond_d, minmay_misc_feat_roman,
          minmay_shallow_snake_nest, uniq_iyjb
D:4:      cheibrodos_quashed, grunt_temple_overflow_open,
          gammafunk_temple_overflow_pools, nicolae_gozag_seed_capital
D:5:      minmay_temple_entry_large_hall, uniq_eustachio, uniq_blork_the_orc
D:6:      old_standard_altar, uniq_menkaure
D:7:      kiku_gazebo_pond_becter, grunt_dithmenos_smoke_and_mirrors, uniq_pikel
D:8:      grunt_ogre_cave, minmay_radiant
D:9:      special_room, roderic_serpentine_path, hex_large, uniq_joseph
D:10:     grunt_lair_entry_orc_guard_hut,
          kennysheep_orc_monster_closet_entryway, uniq_nergalle
D:11:     nicolae_trove_entry_free_sample, lemuel_old_faithful, uniq_snorg
D:12:     eino_house_with_fridge
D:13:     basic_altar
D:14:     grunt_vaults_entry_tiered, minmay_hedge_maze
D:15:     hangedman_depths_entry_civil_slaughter, serial_shops, shop, shop,
          shop, nicolae_shop_crystal, hangedman_abyss_or_decor_stabs
Lair:1:   portal_ice_cave_entry_imps, beast_lair_carwin_5, lemuel_fruit_tree
Lair:2:   grunt_megastairs_3
Lair:3:   swamp_mist, st_stairs_7
Lair:4:   minmay_snake_entry_guardpost_medium, uniq_harold
Lair:5:   nicolae_slime_entry_slimehenge, cheibrodos_lair_caveside_slide
Lair:6:   hangedman_lair_in_review, grunt_megastairs_2, uniq_kirke,
          uniq_josephine
Orc:1:    bloody_trog, uniq_fannar
Orc:2:    grunt_orc_tribal_feast, basic_altar, nicolae_orc_bridge_out,
          kennysheep_orc_chapel
IceCv:    ice_cave_caverns_01

Skill      XL: |  1  2  3  4  5  6  7  8  9 10 11 12 13 14 15 16 |
---------------+-------------------------------------------------+-----
Polearms       | 4 5 6 7 9 10 12 13 14 15 17 18 19 | 19.1
Fighting       | 4 5 7 8 9 10 11 12 13 | 13.9
Dodging        | 3 4 5 6 7 8 9 10 11 12 | 12.4
Armour         | 3 4 5 7 9 10 11 12 13 | 13.7
Bows           | 4 6 9 11 12 13 14 15 | 15.3

Action                   |  1- 3 |  4- 6 |  7- 9 | 10-12 | 13-15 | 16-18 || total
-------------------------+-------+-------+-------+-------+-------+-------++-------
Melee: Spear             |   120 |     4 |       |       |       |       ||   124
       Headbutt          |    13 |    18 |    53 |   168 |   114 |    42 ||   408
       Trident           |       |   117 |   235 |   757 |    70 |       ||  1179
       Glaive            |       |       |       |       |   462 |   228 ||   690
 Fire: Shortbow          |       |       |    64 |   186 |     7 |   486 ||   743
       Longbow           |       |       |       |     5 |   379 |       ||   384
Invok: Berserk           |       |       |     3 |     4 |     3 |     4 ||    14
       Burn Spellbooks   |       |       |     1 |     3 |     3 |     1 ||     8
       Brothers in Arms  |       |       |       |     1 |     1 |       ||     2
  Use: Scroll            |       |       |     5 |    11 |    13 |     1 ||    30
       Potion            |       |       |       |     1 |     1 |       ||     2
 Stab: Distracted        |     1 |       |       |       |       |       ||     1
  Eat: Chunk             |     4 |     4 |    14 |    19 |    33 |    19 ||    93
       Royal jelly       |       |       |       |     2 |       |       ||     2
       Fruit             |       |       |       |       |     1 |       ||     1
Armor: Animal skin       |     1 |       |       |       |       |       ||     1
       Ring mail         |    10 |    15 |       |       |       |       ||    25
       Scale mail        |       |    18 |    68 |   153 |   217 |     9 ||   465
       Chain mail        |       |       |       |       |       |    82 ||    82
Dodge: Dodged            |    37 |    63 |   105 |   321 |   391 |   149 ||  1066
Block: Other             |       |       |       |       |    12 |       ||    12
